 Dungeon Crawl Stone Soup version 0.31-a0-152-g6aa68a64a1 (webtiles) character file.

Game seed: 871752917505403119

107 qw the Shooter (level 4, -21/28 HPs)
             Began as a Gargoyle Hunter on June 10, 2023.
             Killed from afar by an oklob plant (33 damage)
             ... with a splash of acid
             ... on level 3 of the Dungeon.
             The game lasted 00:00:59 (1735 turns).

qw the Shooter (Gargoyle Hunter)                    Turns: 1735, Time: 00:01:00

Health: -21/28     AC:  6    Str: 14    XL:     4   Next: 85%
Magic:  4/4        EV: 11    Int: 10    God:
Gold:   129        SH:  0    Dex: 15    Spells: 3/3 levels left

rFire   . . .        Y - +0 shortbow
rCold   . . .        (shield currently unavailable)
rNeg    + . .        c - +0 leather armour
rPois   inf          (no helmet)
rElec   +            (no cloak)
rCorr   .            (no gloves)
SInv    .            (no boots)
Will    +....        (no amulet)
Stlth   ++           (no ring)
HPRegen 0.24/turn    (no ring)
MPRegen 0.09/turn

%: no passive effects
@: enlightened, flying
A: sickness immunity, AC +3, negative energy resistance 1, electricity
resistance, torment resistance 1, petrification resistance
a: no special abilities


You were on level 3 of the Dungeon.
You visited 1 branch of the dungeon, and saw 3 of its levels.

You collected 129 gold pieces.


Innate Abilities, Weirdness & Mutations

You are immune to sickness and miasma.
Your stone body is resilient. (AC +3)
You are immune to poison.
You resist negative energy. (rN+)
You are resistant to electric shocks. (rElec)
You are resistant to unholy torment.
You are immune to petrification.


   Skills:
 - Level 3.0 Fighting
 + Level 5.7 Ranged Weapons
 - Level 1.5 Dodging
 - Level 1.1 Stealth


You had 3 spell levels left.
You didn't know any spells.
Your spell library was empty.

Inventory:

Hand Weapons
 Y - a +0 shortbow (weapon)
Armour
 c - a +0 leather armour (worn)
Scrolls
 d - a scroll of identify
 f - 2 scrolls of teleportation
Potions
 a - a potion of curing
 b - a potion of lignification
 g - a potion of brilliance {unknown}
 i - a potion of attraction {unknown}

Dungeon Overview and Level Annotations

Branches:
Dungeon (3/15)

Altars:
Fedhas

Annotations:
D:3 exclusion: oklob plant


Message History

Enter note: You shoot an arrow.
The arrow hits the plant but does no damage.
You shoot an arrow. The arrow hits the plant.
The plant begins to die.
The plant is lightly damaged.
You shoot an arrow.
The arrow hits the plant but does no damage.
The plant is lightly damaged.
You shoot an arrow.
The arrow hits the plant but does no damage.
The plant is lightly damaged.
You shoot an arrow. The arrow hits the plant.
The plant is lightly damaged.
A nearby plant withers and dies.
You are no longer corroded.
The oklob plant spits acid at you. The splash of acid misses you.
Enter note:
Enter note:
Enter note:
Enter note:
Enter note:
Enter note:
Enter note:
Enter note:
Enter note:
Enter note:
Enter note:
Enter note: You shoot an arrow.
The arrow hits the plant.
The plant begins to die.
The plant is lightly damaged.
The oklob plant spits acid at you. The splash of acid misses you.
The splash of acid hits the plant!!!
The acid corrodes the plant!
The plant begins to die.
You shoot an arrow. The arrow hits the plant.
The plant is lightly damaged.
The oklob plant spits acid at you. The splash of acid hits you!!
Ouch! That really hurt!
You die...

#P#PPP~~~~._.~~~~.P.
#PPPPP~~~~...~~~~.##
#PP.P!~~~~~.~~~~
#P#P#..~~~~.~~~
#PPP.P..~~~.~~
#PP.P#P.P~~P~~
#7.P.P7P..P.P.
7..P.PP77P.PP
#P#...@PPPP.P#
#P.P.#PPPP#P##
#PPP#7##.PPPP7 #####
######


You could see an oklob plant.

Vanquished Creatures
  A gnoll (D:1)
  4 adders (D:2)
  2 dart slugs (D:2)
  An orc (D:3)
  7 bats
  9 endoplasms
  A giant cockroach (D:2)
  4 goblins
  6 hobgoblins
  2 jackals (D:1)
  A quokka (D:1)
  6 ball pythons
  A frilled lizard (D:1)
  5 kobolds
  5 rats
55 creatures vanquished.

Notes
Turn   | Place    | Note
-------+----------+-------------------------------------------
     0 | D:1      | qw the Gargoyle Hunter began the quest for the Orb.
     0 | D:1      | Reached XP level 1. HP: 12/12 MP: 1/1
     0 | D:1      | 0 ||| qw: Version: 0.2-a-29-g8b02136
     0 | D:1      | 0 ||| qw: Game counter: 3816
     0 | D:1      | 0 ||| qw: Always use a shield: true
     0 | D:1      | 0 ||| qw: God list: Okawaru
     0 | D:1      | 0 ||| qw: Allow faded altars: false
     0 | D:1      | 0 ||| qw: Do Orc after D:15 true
     0 | D:1      | 0 ||| qw: Do second Lair branch before Depths: true
     0 | D:1      | 0 ||| qw: Lair rune preference: random
     0 | D:1      | 0 ||| qw: Plans: Normal, Zot:1-4, Slime:5, God:TSO, Crypt,
                  | Tomb, Abyss, Pan, Hells, Win
     0 | D:1      | 0 ||| PLANNING D:1-11
     2 | D:1      | Noticed an ogre
     2 | D:1      | Noticed a felid
     4 | D:1      | Noticed a demigod
     4 | D:1      | Noticed a minotaur
     6 | D:1      | Noticed a naga
     6 | D:1      | Noticed a ghoul
     8 | D:1      | Noticed a tengu
     8 | D:1      | Noticed a meteoran
    10 | D:1      | Noticed an octopode
    10 | D:1      | Noticed a formicid
    12 | D:1      | Noticed a human
    12 | D:1      | Noticed an armataur
    14 | D:1      | Noticed a vampire
    16 | D:1      | Noticed a troll
    16 | D:1      | Noticed a merfolk
    18 | D:1      | Noticed a gargoyle
    18 | D:1      | Noticed a draconian
    20 | D:1      | Noticed a vine stalker
    22 | D:1      | Noticed a spriggan
    22 | D:1      | Noticed a demonspawn
    25 | D:1      | Noticed a vine stalker
    27 | D:1      | Noticed a draconian
    27 | D:1      | Noticed a demonspawn
    66 | D:1      | Found a faded altar of an unknown god.
   150 | D:1      | Reached XP level 2. HP: 16/17 MP: 2/2
   195 | D:1      | 195 ||| FLEEEEING.
   196 | D:1      | 196 ||| FLEEEEING.
   197 | D:1      | 197 ||| FLEEEEING.
   198 | D:1      | 198 ||| FLEEEEING.
   201 | D:1      | 201 ||| FLEEEEING.
   202 | D:1      | 202 ||| FLEEEEING.
   203 | D:1      | 203 ||| FLEEEEING.
   204 | D:1      | 204 ||| FLEEEEING.
   206 | D:1      | 206 ||| FLEEEEING.
   208 | D:1      | 208 ||| FLEEEEING.
   209 | D:1      | 209 ||| FLEEEEING.
   210 | D:1      | 210 ||| FLEEEEING.
   211 | D:1      | 211 ||| FLEEEEING.
   212 | D:1      | 212 ||| FLEEEEING.
   213 | D:1      | 213 ||| FLEEEEING.
   214 | D:1      | 214 ||| FLEEEEING.
   215 | D:1      | 215 ||| FLEEEEING.
   218 | D:1      | 218 ||| FLEEEEING.
   221 | D:1      | 221 ||| FLEEEEING.
   222 | D:1      | 222 ||| FLEEEEING.
   223 | D:1      | 223 ||| FLEEEEING.
   226 | D:1      | 226 ||| FLEEEEING.
   227 | D:1      | 227 ||| FLEEEEING.
   230 | D:1      | 230 ||| FLEEEEING.
   231 | D:1      | 231 ||| FLEEEEING.
   232 | D:1      | 232 ||| FLEEEEING.
   235 | D:1      | 235 ||| FLEEEEING.
   236 | D:1      | 236 ||| FLEEEEING.
   237 | D:1      | 237 ||| FLEEEEING.
   238 | D:1      | 238 ||| FLEEEEING.
   241 | D:1      | 241 ||| FLEEEEING.
   242 | D:1      | 242 ||| FLEEEEING.
   391 | D:1      | Reached XP level 3. HP: 21/21 MP: 3/3
   498 | D:1      | Reached skill level 5 in Ranged Weapons
   826 | D:1      | 826 ||| READING scroll labelled BEIQ TISTROOGYRGH.
   827 | D:1      | 827 ||| READING scroll labelled KARIRA GE LIES.
   832 | D:1      | 832 ||| READING scroll labelled NUWUGE UPSYLING.
   833 | D:1      | 833 ||| READING scroll labelled PECEOQ GAOTOGG.
   834 | D:1      | 834 ||| READING scroll labelled MATSAU JEEKA.
   835 | D:1      | 835 ||| DROPPING scroll of butterflies.
   943 | D:2      | Reached skill level 3 in Fighting
   967 | D:2      | Reached XP level 4. HP: 22/28 MP: 4/4
  1611 | D:2      | 1611 ||| READING scroll labelled CEDAHO GAIKLEH.
  1612 | D:2      | 1612 ||| DRINKING 2 fuming grey potions.
  1613 | D:2      | 1613 ||| READING 2 scrolls of identify.
  1613 | D:2      | 1613 ||| IDENTIFYING metallic white potion
  1686 | D:3      | Found a blossoming altar of Fedhas.
  1700 | D:3      | Noticed an oklob plant
  1701 | D:3      | 1701 ||| DRINKING 2 silvery potions.
  1702 | D:3      | 1702 ||| DROPPING potion of enlightenment.
  1735 | D:3      | Killed from afar by an oklob plant

Levels and vault maps discovered:
D:1:      kb_arrival_jail, layout_loops_ring,
          hellmonk_ecumenical_altar_inner_sanctum,
          chequers_serial_rivers_small_b
D:2:      layout_loops_ring, chequers_serial_rivers_room_b,
          minmay_stone_trees_small, minivault_26
D:3:      layout_basic, tgw_fedhas, mainiacjoe_overflow_24_doors,
          mainiacjoe_overflow_paths, nicolae_the_louvre

Skill      XL: |  1  2  3 |
---------------+----------+-----
Ranged Weapons | 5 |  5.7
Fighting       | 3 |  3.0
Dodging        | |  1.5
Stealth        | |  1.1

Action                     |  1- 3 |  4- 6 || total
---------------------------+-------+-------++-------
   Fire: Shortbow          |   107 |   108 ||   215
    Use: Scroll            |     5 |     2 ||     7
         Potion            |       |     2 ||     2
 Armour: Leather armour    |    19 |    15 ||    34
  Dodge: Dodged            |    37 |    18 ||    55

Table legend:
 A = Non-vault XP
 B = Vault XP
 C = Vault XP percentage of total XP
 D = Non-vault monster count
 E = Vault monster count
 F = Vault count percentage of total count
                 A         B        C        D         E       F
            +---------+---------+-------+---------+---------+-------
      Total |     153 |       0 |   0.0 |      55 |       0 |   0.0
            +---------+---------+-------+---------+---------+-------
        D:1 |      49 |       0 |   0.0 |      23 |       0 |   0.0
        D:2 |      94 |       0 |   0.0 |      27 |       0 |   0.0
        D:3 |      10 |       0 |   0.0 |       5 |       0 |   0.0
            +---------+---------+-------+---------+---------+-------
